AoeStats
← Charlitos22

Black Forest

508326161Analyzed
2v2 RM · 11d ago on Sep 21, 2026· 34m 36s· 4 players
Game mode
Random Map
Map size
Medium (4 player)
Population
200
Speed
Normal
Resources
Standard
Victory
Conquest
Starting age
Dark Age
Ending age
Imperial Age
RankedLock teamsTeams togetherTeam positionsShared explorationLock speedFull tech treeHidden civsTurbo modeCheats
Victory
Defeat
🇨🇱 Vikings · Chile
913
+19
🇨🇱 Britons · Chile
888
+20
🇵🇪 Mongols · Peru
1018
-20
🇨🇴 Shu · Colombia
958
-19
Havoc_
3:37 Loom
10:22 Feudal Age
12:40 Town Watch
15:34 Castle Age
13:28 Double-Bit Axe
17:02 Bow Saw
22:36 Wheelbarrow
28:09 Imperial Age
28:47 Forging
28:44 Scale Barding Armor
28:10 Onager
30:17 Town Patrol
29:57 Light Cavalry
31:08 Chain Barding Armor
31:00 Bloodlines
30:51 Husbandry
32:10 Iron Casting
32:22 Hussar
Caesar6742
0:44 Loom
14:26 Feudal Age
14:54 Double-Bit Axe
14:52 Horse Collar
16:44 Wheelbarrow
18:34 Town Watch
22:34 Castle Age
21:18 Fletching
21:28 Padded Archer Armor
22:02 Gold Mining
22:03 Stone Mining
23:53 Bow Saw
23:57 Heavy Plow
23:44 Crossbowman
25:06 Thumb Ring
27:44 Bodkin Arrow
28:05 Leather Archer Armor
28:51 Gold Shaft Mining
29:36 Guard Tower
30:00 Fortified Wall
30:00 Masonry
31:28 Leather Archer Armor
31:36 Ballistics
33:08 Scale Barding Armor
33:35 Hand Cart
33:21 Town Patrol
34:22 Chain Barding Armor
Tronix661
11:32 Feudal Age
12:01 Double-Bit Axe
12:50 Loom
19:38 Castle Age
19:16 Stone Mining
21:06 Bow Saw
21:55 Horse Collar
23:03 Heavy Plow
24:25 Gold Mining
26:15 Fortified Wall
31:38 Imperial Age
32:10 Heavy Scorpion
35:15 Forging
35:06 Scale Mail Armor
Charlitos22
11:21 Feudal Age
12:30 Town Watch
16:28 Castle Age
15:11 Double-Bit Axe
16:32 Horse Collar
16:51 Gold Mining
17:29 Loom
20:04 Fervor
21:03 Stone Mining
22:31 Gold Shaft Mining
25:20 Heavy Plow
26:39 Wheelbarrow
27:47 Hand Cart
28:31 Town Patrol
29:24 Caravan
30:36 Yeomen
33:11 Imperial Age
30:58 Treadmill Crane
31:39 Ballistics
31:56 Bow Saw
32:50 Fletching
33:07 Padded Archer Armor
33:18 Forging
33:09 Scale Mail Armor
34:09 Warwolf
35:21 Two-Man Saw
Connection lost

Rejoining the realm…

Still unreachable

The connection could not be restored.

Session expired

The server has moved on; the page needs a fresh start.